 Dungeon Crawl Stone Soup version 0.31.0-11-ge490571c62 (webtiles) character file.

Game seed: 15354011285644079516

999 mopl the Insei (level 8, -13/52 HPs)
             Began as an Octopode Shapeshifter on Jan 31, 2024.
             Mangled by a gnoll
             ... wielding a +0 halberd
              (16 damage)
             ... on level 4 of the Dungeon.
             The game lasted 00:03:17 (3148 turns).

mopl the Insei (Octopode Shapeshifter)              Turns: 3148, Time: 00:03:18

Health: -13/52     AC:  1    Str: 19    XL:     8   Next: 19%
Magic:  8/8        EV: 14    Int: 12    God:
Gold:   201        SH:  0    Dex: 14    Spells: 7/7 levels left

rFire   . .          .
                       - Unarmed
rCold   . . .        (no shield)
rNeg    . . .        (helmet currently unavailable)
rPois   .            (no amulet)
rElec   .            j - +6 ring of strength
rCorr   .            (no ring)
SInv    .            (no ring)
Will    .....        (no ring)
Stlth   ++           (no ring)
HPRegen 0.28/turn    (no ring)
MPRegen 0.11/turn    (no ring)
                     (no ring)

%: no passive effects
@: beast-form
A: beast (slay +3), almost no armour, amphibious, 8 rings, camouflage 1,
gelatinous body 1, (nimble swimmer 1), tentacles
a: Begin Untransformation


You were on level 4 of the Dungeon.
You were a hulking beast.
You visited 1 branch of the dungeon, and saw 4 of its levels.

You collected 201 gold pieces.

Inventory:

Missiles
 g - 8 javelins
 l - 8 poisoned darts (quivered)
Armour
 i - a +2 hat
Jewellery
 j - a +6 ring of strength (left tentacle)
Talismans
 b - a beast talisman
 c - a flux talisman
Wands
 f - a wand of flame (29)
Scrolls
 e - 2 scrolls of teleportation {unknown}
 h - a scroll of amnesia {unknown}
 k - 4 scrolls of vulnerability {unknown}
 n - a scroll of enchant weapon {unknown}
 p - a scroll of revelation {unknown}
 q - a scroll of enchant armour {unknown}
Potions
 a - 2 potions of lignification
 d - 4 potions of curing {unknown}
 m - a potion of haste
 o - a potion of attraction {unknown}


   Skills:
 + Level 3.5 Fighting
 + Level 4.0 Dodging
 * Level 6.2 Unarmed Combat
 * Level 5.7 Shapeshifting


You had 7 spell levels left.
You didn't know any spells.
Your spell library contained the following spells:

 Spells                   Type           Power      Damage    Failure   Level
 Kiss of Death            Conj/Necr      0%         2d5       32%         1
 Confusing Touch          Hex            0%         N/A       69%         3
 Hailstorm                Conj/Ice       0%         3d5       69%         3
 Inner Flame              Hex/Fire       0%         N/A       69%         3
 Summon Ice Beast         Ice/Summ       0%         N/A       69%         3
 Dispel Undead            Necr           0%         3d6       97%         4
 Irradiate                Conj/Alch      0%         3d11      100%        5
 Sculpt Simulacrum        Ice/Alch       0%         N/A       100%        6
 Ignition                 Fire           0%         3d3       100%        8


Dungeon Overview and Level Annotations

Branches:
Dungeon (4/15)
 Temple: D:4-7

Altars:
Kikubaaqudgha


Innate Abilities, Weirdness & Mutations

You are a hulking beast.
Your limbs bulge with bestial killing power. (Slay +3)
You cannot wear most types of armour.
You are amphibious.
You can wear up to eight rings at the same time.
Your skin changes colour to match your surroundings (Stealth+).
Your rubbery body absorbs attacks. (AC +1, EV +1)
((You are camouflaged when in or above water. (Stealth+)))
You have tentacles for arms and can constrict up to eight enemies at once.


Message History

You are too injured to fight recklessly!
Unknown command.
You tentacle-slap Pikel.
Pikel is heavily wounded.
You constrict Pikel, but do no damage. The lemure barely misses you.
The lemure hits you.
* * * LOW HITPOINT WARNING * * *
Pikel says, "Dispater doesn't talk much, but I know they dig me."
Pikel barely misses you.
You bludgeon Pikel! You squeeze Pikel, but do no damage.
Pikel is severely wounded.
You constrict Pikel.
Unknown command.
You bludgeon Pikel! You squeeze Pikel.
You kill Pikel!
With Pikel's spell broken, his former minions thank you for their freedom.
The lemure departs this earthly plane. x3
Your Fighting skill increases to level 3!
Your Dodging skill increases to level 4!
Your Unarmed Combat skill increases to level 6!
Your Shapeshifting skill increases to level 5!
You have reached level 8!
Unknown command.
Unknown command.
Things that are here:
a +0 whip of freezing; a +0 robe; the kobold corpse of Pikel You start resting.
A gnoll comes into view. It is wielding a +0 halberd.
No target in view!
No target in view!
No target in view!
The gnoll shouts!
Found a helmet.
The gnoll hits you with a +0 halberd!
Found 21 gold pieces.
The gnoll closely misses you. The gnoll hits you with a +0 halberd!
* * * LOW HITPOINT WARNING * * *
You bludgeon the gnoll! Your grab misses the gnoll.
The gnoll is heavily wounded.
The gnoll hits you with a +0 halberd!
You die...

<.....# .....# ###
#)###.# ....# # ..###.#
...######## ....#.#
..........
###.#.########.........
.
#.#...)........)....[..
#.###...†####.#####....
#........'.............
#####....###.gh........
#....# #...........
#....# #...........
#....# #...........
#....# #.........$.
###### #.......####
#.......# #.......#


You could see a gnoll.

Vanquished Creatures
  Pikel (D:4)
  Sigmund (D:2)
  An ice beast (D:4)
  A howler monkey (D:4)
  A jelly (D:4)
  Jessica (D:2)
  A sleepcap (D:4)
  7 gnolls
  4 adders
  A ribbon worm (D:3)
  2 dart slugs (D:1)
  An orc (D:3)
  4 endoplasms
  3 giant cockroaches
  6 goblins
  4 hobgoblins
  2 jackals (D:2)
  8 kobolds
  5 quokkas
  8 ball pythons
  5 bats
  3 frilled lizards
  3 rats
73 creatures vanquished.

Notes
Turn   | Place    | Note
-------+----------+-------------------------------------------
     0 | D:1      | mopl the Octopode Shapeshifter began the quest for the Orb.
     0 | D:1      | Reached XP level 1. HP: 13/13 MP: 1/1
    46 | D:1      | Found a faded altar of an unknown god.
   303 | D:1      | Reached XP level 2. HP: 14/18 MP: 2/2
   980 | D:2      | Reached XP level 3. HP: 20/23 MP: 3/3
  1408 | D:2      | Reached XP level 4. HP: 28/28 MP: 4/4
  1623 | D:2      | Noticed Sigmund
  1632 | D:2      | Killed Sigmund
  1633 | D:2      | Reached skill level 4 in Unarmed Combat
  1633 | D:2      | Reached XP level 5. HP: 34/34 MP: 5/5
  1708 | D:2      | Noticed Jessica
  1715 | D:2      | Killed Jessica
  1716 | D:2      | Reached XP level 6. HP: 40/40 MP: 6/6
  2055 | D:3      | Found an ancient bone altar of Kikubaaqudgha.
  2917 | D:4      | Reached skill level 5 in Unarmed Combat
  2952 | D:4      | Noticed an ice beast
  2967 | D:4      | HP: 1/41 [gnoll/+0 whip (8)]
  2982 | D:3      | Reached XP level 7. HP: 28/45 MP: 7/7
  3061 | D:4      | Noticed Pikel
  3070 | D:4      | Killed Pikel
  3071 | D:4      | Reached skill level 6 in Unarmed Combat
  3071 | D:4      | Reached skill level 5 in Shapeshifting
  3071 | D:4      | Reached XP level 8. HP: 15/52 MP: 8/8
  3148 | D:4      | Mangled by a gnoll

Illustrated notes

Levels and vault maps discovered:
D:1:      dpeg_arrival_simpleton_c, layout_loops_corners, serial_forest,
          infiniplex_forest_lined_1, infiniplex_forest_fountain,
          infiniplex_forest_zigzag_1, infiniplex_forest_end_1,
          infiniplex_forest_lined_room_, infiniplex_forest_side_room,
          shapermc_ecumenical_altar_mp_highgroup, minmay_misc_feat_tiny,
          minmay_crystal_water
D:2:      layout_basic, minmay_tromino_i4, uniq_sigmund, uniq_jessica
D:3:      layout_loops_ring, nicolae_kikubaaqudgha_miasma_corner,
          saegor_snake_ambush
D:4:      minmay_chambers_of_threes, layout_basic, uniq_pikel

Skill      XL: |  1  2  3  4  5  6  7 |
---------------+----------------------+-----
Fighting       | 2 3 |  3.5
Unarmed Combat | 4 5 6 |  6.2
Shapeshifting  | 4 5 |  5.7
Dodging        | 3 4 |  4.0

Action                     |  1- 3 |  4- 6 |  7- 9 || total
---------------------------+-------+-------+-------++-------
  Melee: Unarmed           |    60 |    65 |    12 ||   137
         Constrict         |    16 |    18 |     2 ||    36
         Punch             |     2 |     3 |     1 ||     6
         Tentacles         |     7 |    13 |     6 ||    26
    Use: Scroll            |       |     3 |       ||     3
         Potion            |       |     1 |       ||     1
   Stab: Sleeping          |     7 |     7 |       ||    14
 Armour: Skin              |    17 |    26 |     8 ||    51
  Dodge: Dodged            |    27 |    43 |     8 ||    78
